AoeStats
← only1

MegaRandom

510266004Analyzed
4v4 RM · 1d ago on Sep 30, 2026· 25m 59s· 8 players
Game mode
Random Map
Map size
Large (8 player)
Population
200
Speed
Normal
Resources
Standard
Victory
Conquest
Starting age
Dark Age
Ending age
Imperial Age
RankedLock teamsTeams togetherTeam positionsShared explorationLock speedFull tech treeHidden civsTurbo modeCheats
Victory
Defeat
🇹🇼 Romans · Taiwan
1025
+14
🇨🇴 Teutons · Colombia
1015
+14
🇦🇺 Khmer · Australia
921
+17
🇨🇳 Hindustanis · China
907
+18
🇩🇪 Celts · Germany
992
-17
🇩🇪 Turks · Germany
975
-16
🇪🇸 Vikings · Spain
954
-15
🇳🇴 Bohemians · Norway
952
-15
kris10an
9:30 Feudal Age
14:17 Castle Age
12:24 Double-Bit Axe
12:50 Horse Collar
14:37 Wheelbarrow
22:08 Pikeman
Lair
0:33 Loom
12:00 Feudal Age
13:13 Double-Bit Axe
16:42 Castle Age
17:50 Stone Mining
18:26 Bow Saw
18:11 Gold Mining
22:43 Pikeman
oegel
5:58 Loom
13:28 Feudal Age
16:28 Padded Archer Armor
16:18 Fletching
18:54 Wheelbarrow
18:31 Horse Collar
18:40 Double-Bit Axe
Kommissar Oberst Maugh
14:44 Feudal Age
16:49 Bloodlines
17:08 Loom
23:25 Forging
26:53 Castle Age
High Neon
10:31 Feudal Age
11:36 Loom
16:19 Castle Age
16:51 Forging
19:14 Wheelbarrow
18:47 Scale Barding Armor
19:16 Horse Collar
19:22 Double-Bit Axe
25:55 Iron Casting
only1
9:21 Feudal Age
11:27 Bloodlines
19:49 Castle Age
21:42 Husbandry
22:44 Scale Barding Armor
22:49 Forging
mj871231
6:49 Loom
9:33 Feudal Age
11:51 Man-at-Arms
12:40 Scale Mail Armor
12:32 Double-Bit Axe
16:22 Horse Collar
18:35 Forging
23:00 Castle Age
21:54 Gold Mining
24:41 Wheelbarrow
23:51 Town Watch
24:19 Bow Saw
23:43 Long Swordsman
24:24 Squires
24:57 Chain Mail Armor
Smash
0:32 Loom
10:59 Feudal Age
16:41 Castle Age
14:54 Double-Bit Axe
15:33 Horse Collar
20:55 Bow Saw
21:17 Heavy Plow
25:19 Town Watch
25:03 Elite Skirmisher
25:25 Elite Skirmisher
26:34 Murder Holes
Connection lost

Rejoining the realm…

Still unreachable

The connection could not be restored.

Session expired

The server has moved on; the page needs a fresh start.